cohdb
Replays
Latest Replays
All Replays
Popular Replays
Top Player Replays
Match Explorer
How It Works
Community
CoH3 Stats
Reddit
Sign in to upload your games and track your stats! →
Sign in with Steam
Match 41270540
Unlisted
Match 41270540
Overview
Messages
Build Orders
End
Construct Section Command Post
Royal Engineer Section
Selects Canadian Shock Battlegroup
Infantry Section
Vickers Machine Gun Team
ML 3-inch Mortar Team
Construct Platoon Command Post
Humber Armored Car
Construct Field Infirmary
Selects Attacking Spirit
Selects Canadian Shock Section
matjouz
Sarmynation
Emperor Antares
w0lfzin
0
0
Comments
sign in to comment!
No comments posted yet!